 Dungeon Crawl Stone Soup version 0.31-a0-369-g8eba5f6939 (webtiles) character file.

Game seed: 7219862166004138540

4614 avis the Grappler (level 10, 0/81 HPs)
             Began as a Hill Orc Shapeshifter on July 28, 2023.
             Was a Follower of Beogh.
             Slain by an eight-headed hydra (11 damage)
             ... on level 8 of the Dungeon on July 29, 2023.
             The game lasted 00:56:28 (8393 turns).

avis the Grappler (Hill Orc Shapeshifter)           Turns: 8393, Time: 00:56:28

Health: 0/81       AC: 11    Str: 23    XL:     10   Next: 42%
Magic:  17/17      EV:  7    Int:  8    God:    Beogh [*.....]
Gold:   246        SH:  7    Dex: 11    Spells: 9/9 levels left

rFire   . .          .
                       - Unarmed
rCold   . . .        z - +0 kite shield
rNeg    . . .        q - +0 shadow dragon scales
rPois   +            g - melded +2 hat
rElec   .            K - melded +0 cloak
rCorr   +            (gloves currently unavailable)
SInv    .            a - melded +2 pair of boots
Will    .....        k - amulet of the acrobat
Stlth   ++           (no ring)
HPRegen 0.33/turn    r - ring of resist corrosion
MPRegen 0.15/turn

%: acrobat
@: beast-form
A: beast (slay +3), poison resistance
a: Begin Untransformation, Renounce Religion


You were on level 8 of the Dungeon.
You worshipped Beogh.
Beogh was aware of your devotion.
You were a hulking beast.
You visited 2 branches of the dungeon, and saw 9 of its levels.

You collected 461 gold pieces.
You spent 215 gold pieces at shops.

Inventory:

Hand Weapons
 b - a +2 glaive of protection
 e - a +0 spear
 t - a +2 dagger of venom
Missiles
 l - 2 javelins
 E - 16 poisoned darts (quivered)
Armour
 a - a +2 pair of boots (melded)
 g - a +2 hat (melded)
 q - +0 shadow dragon scales (worn)
 z - a +0 kite shield (worn)
 K - a +0 cloak (melded)
Jewellery
 k - an amulet of the acrobat (around neck)
 m - an amulet of guardian spirit
 r - a ring of resist corrosion (right hand)
 s - a ring of ice
Talismans
 c - a beast talisman
 f - a talisman of death
 C - a serpent talisman
 I - a maw talisman
Wands
 d - a wand of mindburst (10)
 n - a wand of flame (15)
 u - a wand of polymorph (9)
 G - a wand of iceblast (5)
Scrolls
 i - a scroll of poison
 j - a scroll of blinking
 o - a scroll of revelation
 p - 2 scrolls of teleportation
 D - 2 scrolls of amnesia {unknown}
 L - a scroll of butterflies
 N - a scroll of fog
 Q - a scroll of enchant armour
Potions
 h - a potion of magic


   Skills:
 - Level 5.0 Fighting
 - Level 2.0 Dodging
 - Level 12.0 Unarmed Combat
 + Level 10.3 Invocations
 - Level 5.0 Shapeshifting


You had 9 spell levels left.
You didn't know any spells.
Your spell library contained the following spells:

 Spells                   Type           Power      Damage    Failure   Level
 Apportation              Tloc           0%         N/A       100%        1
 Necrotise                Necr           0%         1d4       100%        1
 Gell's Gravitas          Tloc           0%         N/A       100%        3
 Summon Guardian Golem    Hex/Summ       0%         N/A       100%        3
 Teleport Other           Tloc           0%         N/A       100%        3
 Vampiric Draining        Necr           0%         2d6       100%        3
 Cause Fear               Hex            0%         N/A       100%        4
 Agony                    Necr           0%         N/A       100%        5
 Alistair's Intoxication  Tmut/Pois      0%         N/A       100%        5
 Fireball                 Conj/Fire      0%         3d3       100%        5
 Dispersal                Tloc           0%         N/A       100%        6
 Orb of Destruction       Conj           0%         9d5       100%        7
 Spellforged Servitor     Conj/Summ      0%         N/A       100%        7
 Dragon's Call            Summ           0%         N/A       100%        9


Dungeon Overview and Level Annotations

Branches:
Dungeon (8/15)             Temple (1/1) D:5
   Lair: D:8-11

Altars:
Ashenzari
Cheibriados
Elyvilon
Fedhas
Gozag
Hepliaklqana
Kikubaaqudgha
Nemelex Xobeh
Okawaru
Ru
Sif Muna
Trog
Uskayaw
Vehumet
Wu Jian
Yredelemnul
The Shining One

Shops:
D:4 ?

Annotations:
D:2 Grinder


Innate Abilities, Weirdness & Mutations

You are a hulking beast.
Your limbs bulge with bestial killing power. (Slay +3)
Your system is resistant to poisons. (rPois)


Message History

The eight-headed hydra is lightly wounded.
The eight-headed hydra bites you. x2; The eight-headed hydra bites you!
The eight-headed hydra bites you but does no damage.
You block the eight-headed hydra's attack.
The eight-headed hydra completely misses you.
You block the eight-headed hydra's attack.
The eight-headed hydra bites you but does no damage.
You barely miss the eight-headed hydra.
The eight-headed hydra is lightly wounded.
The eight-headed hydra barely misses you.
The eight-headed hydra bites you!
You block the eight-headed hydra's attack.
The eight-headed hydra bites you.
The eight-headed hydra barely misses you.
The eight-headed hydra bites you!
The eight-headed hydra barely misses you.
The eight-headed hydra closely misses you.
You hit the eight-headed hydra.
The eight-headed hydra is lightly wounded.
You pummel the eight-headed hydra!!
The eight-headed hydra is heavily wounded.
The eight-headed hydra bites you. x3
The eight-headed hydra barely misses you.
The eight-headed hydra bites you.
* * * LOW HITPOINT WARNING * * *
You block the eight-headed hydra's attack. x2
The eight-headed hydra bites you but does no damage.
Okay, then.
Okay, then.
Aiming: Mindburst
Press: ? - help, Shift-Dir - straight line, f/p - eight-headed hydra
Aim: an eight-headed hydra (heavily wounded, chance to affect: 29%)
The eight-headed hydra's minds are blasted!
The eight-headed hydra bites you!
* * * LOW HITPOINT WARNING * * *
The eight-headed hydra barely misses you.
The eight-headed hydra bites you.
* * * LOW HITPOINT WARNING * * *
The eight-headed hydra bites you!
You die...

.#.#.#.#.#.#.#
####.#####.#... #.# #
#..## #.# .... #.#
##### #.# #.#
#.###################
#............hD$.....
#####################


You could see an eight-headed hydra.

Vanquished Creatures
  Gastronok (D:8)
  Pikel (D:4)
  A steam dragon (D:6)
  Menkaure (D:5)
  3 water moccasins (D:6)
  A sky beast (D:7)
  A black bear (D:4)
  2 ice beasts (D:6)
  2 orc warriors (D:6)
  3 ogres
  A centaur (D:4)
  2 kobold brigands
  2 gnoll sergeants
  A bullfrog (D:6)
  4 scorpions
  4 killer bees (D:8)
  2 jellies (D:6)
  2 gnoll boudas
  4 hounds
  3 orc priests
  5 iguanas
  Ijyb (D:3)
  2 orc wizards
  18 gnolls
  7 adders
  2 shadow imps
  An ufetubus (D:4)
  3 worms
  3 dart slugs
  19 orcs
  9 endoplasms
  2 giant cockroaches
  8 goblins
  6 hobgoblins
  5 jackals
  3 quokkas
  5 ball pythons
  5 bats
  4 frilled lizards
  17 kobolds
  5 rats
171 creatures vanquished.

Notes
Turn   | Place    | Note
-------+----------+-------------------------------------------
     0 | D:1      | avis the Hill Orc Shapeshifter began the quest for the Orb.
     0 | D:1      | Reached XP level 1. HP: 16/16 MP: 1/1
   181 | D:1      | Reached XP level 2. HP: 19/23 MP: 2/2
   211 | D:1      | Reached skill level 4 in Unarmed Combat
   444 | D:1      | Reached XP level 3. HP: 28/28 MP: 3/3
  1081 | D:2      | Reached skill level 5 in Unarmed Combat
  1663 | D:3      | Noticed Grinder
  1671 | D:2      | Reached XP level 4. HP: 36/36 MP: 4/4
  1853 | D:3      | Found a white marble altar of Elyvilon.
  1862 | D:3      | Noticed Ijyb
  1877 | D:3      | Killed Ijyb
  2361 | D:3      | Reached XP level 5. HP: 39/41 MP: 5/5
  2467 | D:4      | Noticed Pikel
  2467 | D:4      | Noticed a lemure
  2467 | D:4      | Noticed a lemure
  2467 | D:4      | Noticed a lemure
  2645 | D:3      | Reached skill level 6 in Unarmed Combat
  2808 | D:4      | Noticed a centaur
  2829 | D:4      | Gained mutation: Your system is resistant to poisons.
                  | (rPois) [potion of mutation]
  2834 | D:4      | Killed a centaur
  2835 | D:4      | Reached skill level 7 in Unarmed Combat
  2835 | D:4      | Reached XP level 6. HP: 9/48 MP: 6/6
  3035 | D:4      | Killed Pikel
  3036 | D:4      | Reached skill level 8 in Unarmed Combat
  3036 | D:4      | Reached XP level 7. HP: 13/57 MP: 7/7
  3168 | D:4      | Reached XP level 8. HP: 50/63 MP: 8/8
  3496 | D:4      | Found Nolob's Magic Scroll Shoppe.
  3634 | D:4      | Became a worshipper of Beogh the Brigand
  4019 | D:4      | Bought a scroll of butterflies for 40 gold pieces
  4019 | D:4      | Bought a scroll of enchant armour for 75 gold pieces
  4019 | D:4      | Bought a scroll of fog for 40 gold pieces
  4019 | D:4      | Bought a scroll of identify for 20 gold pieces
  4019 | D:4      | Bought a scroll of vulnerability for 40 gold pieces
  4060 | D:5      | Entered Level 5 of the Dungeon
  4095 | D:5      | Found a staircase to the Ecumenical Temple.
  4102 | Temple   | Entered the Ecumenical Temple
  4228 | D:5      | Reached skill level 9 in Unarmed Combat
  4228 | D:5      | Reached skill level 1 in Invocations
  4431 | D:5      | Noticed Menkaure
  4436 | D:5      | Killed Menkaure
  4696 | D:5      | Reached skill level 5 in Invocations
  4696 | D:5      | Reached skill level 5 in Shapeshifting
  4752 | D:5      | Identified the +9 trident of the Sky {pain, Str+3 Int-5
                  | Dex+2 SInv}
  4921 | D:6      | Reached XP level 9. HP: 69/69 MP: 13/13
  5049 | D:6      | Reached * piety under Beogh
  5082 | D:6      | Found a hide-covered altar of Uskayaw.
  5092 | D:6      | Found a broken altar of Ashenzari.
  5099 | D:6      | Found a hazy altar of Hepliaklqana.
  5108 | D:6      | Found an ancient bone altar of Kikubaaqudgha.
  5147 | D:6      | Reached skill level 10 in Unarmed Combat
  5295 | D:6      | Found a sparkling altar of Nemelex Xobeh.
  5733 | D:6      | Upgraded the game from 0.31-a0-365-gcf821cafb2 to
                  | 0.31-a0-369-g8eba5f6939
  6317 | D:6      | Reached skill level 11 in Unarmed Combat
  6828 | D:6      | Reached skill level 5 in Fighting
  6904 | D:6      | Reached ** piety under Beogh
  6983 | D:7      | Reached XP level 10. HP: 69/81 MP: 16/16
  7464 | D:8      | Noticed an eight-headed hydra
  7781 | D:8      | Noticed Gastronok
  7806 | D:8      | Killed Gastronok
  7807 | D:8      | Reached skill level 12 in Unarmed Combat
  8096 | D:8      | Reached skill level 10 in Invocations
  8393 | D:8      | Slain by an eight-headed hydra

Illustrated notes

Levels and vault maps discovered:
D:1:      lightli_arrival_isolated_outpost, layout_loops_ring
D:2:      layout_basic
D:3:      layout_rooms, mainiacjoe_overflow_boulevard, uniq_grinder, uniq_ijyb
D:4:      layout_basic, serial_shops, nicolae_shop_rolled_up, uniq_pikel
D:5:      minmay_skewed_foursquare, layout_basic, minmay_temple_entry_junction,
          nrook_pool_corridor, uniq_menkaure
D:6:      layout_rooms, mainiacjoe_overflow_alcove_2,
          grunt_temple_overflow_cloverleaf, minmay_misc_feat_secret_circle,
          kennysheep_small_spiral
D:7:      layout_rooms, reono_crystal_passage
D:8:      layout_basic, general_overflow_altar, zin_academy, minmay_hedge_maze,
          uniq_gastronok, uniq_maggie
Temple:   jpeg_temple_clearing

Skill      XL: |  1  2  3  4  5  6  7  8  9 10 |
---------------+-------------------------------+-----
Unarmed Combat | 4 5 7 8 9 11 12 | 12.0
Fighting       | 2 3 5 |  5.0
Dodging        | 2 |  2.0
Shapeshifting  | 3 4 5 |  5.0
Invocations    | 5 8 10 | 10.3

Action                     |  1- 3 |  4- 6 |  7- 9 | 10-12 || total
---------------------------+-------+-------+-------+-------++-------
  Melee: Unarmed           |   105 |    77 |   220 |    56 ||   458
         Punch             |     3 |     1 |     6 |       ||    10
   Fire: Sling             |    20 |    45 |       |       ||    65
         Orcbow            |       |    12 |    83 |       ||    95
  Throw: Dart              |       |     1 |       |       ||     1
 Invoke: Convert to Beogh  |       |       |     1 |       ||     1
         Smiting           |       |       |       |     1 ||     1
Ability: Begin Untransform |       |     1 |     1 |     2 ||     4
  Evoke: Wand              |       |       |     9 |     6 ||    15
    Use: Potion            |       |     5 |       |     2 ||     7
         Scroll            |       |       |     6 |     3 ||     9
   Stab: Sleeping          |       |       |       |     1 ||     1
 Armour: Animal skin       |     2 |       |       |       ||     2
         Chain mail        |    58 |    10 |       |       ||    68
         Skin              |       |     7 |       |       ||     7
         Ring mail         |       |    15 |    48 |       ||    63
         Shadow dragon sca |       |       |    42 |    39 ||    81
  Dodge: Dodged            |    47 |    48 |    99 |    35 ||   229
  Block: Kite shield       |       |       |    13 |    27 ||    40
   Form: Beast             |       |     1 |     1 |     1 ||     3
         Maw               |       |       |       |     1 ||     1

Table legend: (Time is in decaauts)
 A = Elapsed time spent in this place.
 B = Non-inter-level travel time spent in this place.
 C = Inter-level travel time spent in this place.
 D = Time resting spent in this place.
 E = Time spent auto-exploring this place.
 F = Levels seen in this place.
 G = Mean time per level.
                   A        B        C        D        E       F      G
               +--------+--------+--------+--------+--------+-----+--------+
         Total |   8399 |   7780 |    619 |   2195 |   3409 |   9 |  933.2 |
       Dungeon |   8353 |   7735 |    618 |   2195 |   3409 |   8 | 1044.1 |
        Temple |     45 |     44 |      1 |      0 |      0 |   1 |   45.0 |
               +--------+--------+--------+--------+--------+-----+--------+

Top non-repeatable levels by time:
     D:6: 1805 daAuts
     D:4: 1422 daAuts
     D:3: 975 daAuts
     D:2: 914 daAuts
     D:5: 908 daAuts
     D:7: 807 daAuts
     D:1: 778 daAuts
     D:8: 742 daAuts
  Temple: 45 daAuts
